 Dungeon Crawl Stone Soup version 0.23.1 (webtiles) character file.

Game seed: 5721062392648687614

2016 nikopol the Spear-Bearer (level 9, 0/79 HPs)
             Began as a Minotaur Berserker on Mar 4, 2019.
             Was an Elder of Trog.
             Succumbed to a hornet's poison
             ... on level 7 of the Dungeon.
             The game lasted 00:14:08 (5832 turns).

nikopol the Spear-Bearer (Minotaur Berserker)       Turns: 5832, Time: 00:14:09

Health: 0/79       AC: 11    Str: 26    XL:     9   Next: 3%
Magic:  8/8        EV: 11    Int: 12    God:    Trog [****..]
Gold:   312        SH:  0    Dex:  9    Spells: 8/8 levels left

rFire    . . .     SeeInvis .   a - +1 spear
rCold    . . .     Gourm    .   (no shield)
rNeg     . . .     Faith    .   o - +0 scale mail
rPois    .         Spirit   .   (helmet restricted)
rElec    .         Reflect  .   l - +2 cloak
rCorr    .         Harm     .   (no gloves)
MR       .....                  (no boots)
Stlth    ..........             (no amulet)
HPRegen  0.23/turn              d - +3 ring of intelligence
MPRegen  0.11/turn              q - +5 ring of slaying

@: brilliant, lethally poisoned (0 -> -13), berserk cooldown, slowed, very slow
A: retaliatory headbutt, horns 2
a: Berserk, Trog's Hand, Brothers in Arms, Renounce Religion


You were on level 7 of the Dungeon.
You worshipped Trog.
Trog was greatly pleased with you.
You were hungry.

You visited 1 branch of the dungeon, and saw 7 of its levels.
You also visited: Bailey.

You collected 312 gold pieces.

Inventory:

Hand Weapons
 a - a +1 spear (weapon)
 D - a +0 flail
Missiles
 m - 63 bolts
 n - 47 arrows
Armour
 b - a +0 animal skin
 l - a +2 cloak (worn)
 o - a +0 scale mail (worn)
Jewellery
 d - a +3 ring of intelligence (left hand)
 q - a +5 ring of slaying (right hand)
 u - an uncursed ring of resist corrosion {unknown}
Wands
 v - a wand of clouds (4)
 y - a wand of acid (10)
 C - a wand of digging (2)
Scrolls
 e - 7 scrolls of identify
 g - 2 scrolls of immolation
 h - a scroll of vulnerability {unknown}
 p - a scroll of enchant armour
 s - 2 scrolls of teleportation
 t - a scroll of enchant weapon
Potions
 f - a potion of lignification {unknown}
 i - 2 potions of degeneration
 j - a potion of curing {unknown}
 k - a potion of brilliance
 r - a potion of agility {unknown}
 x - 2 potions of might {unknown}
 z - 2 potions of mutation {unknown}
 B - a potion of resistance {unknown}
 E - 2 potions of heal wounds {unknown}
 G - 2 potions of flight {unknown}
Comestibles
 c - 7 rations


   Skills:
 + Level 7.0 Fighting
 + Level 11.0 Polearms
 + Level 6.5 Armour
 + Level 3.7 Dodging
 + Level 1.3 Stealth


You had 8 spell levels left.
You didn't know any spells.
Your spell library was empty.

Dungeon Overview and Level Annotations

Branches:
Dungeon (7/15)             Temple (0/1) D:4

Altars:
Vehumet
Zin
The Shining One

Shops:
D:6 =   D:7 (

Annotations:
D:4 3 runed translucent doors, Gearfox's ghost, amateur HuFi


Innate Abilities, Weirdness & Mutations

You reflexively headbutt those who attack you in melee.
You have a pair of horns on your head.


Message History

* * * LOW HITPOINT WARNING * * *
You feel sick.
You are too berserk!
* * * LOW HITPOINT WARNING * * *
You feel sick.
You feel a strong urge to attack something.
* * * LOW HITPOINT WARNING * * *
You feel sick.
Found Beqico's Antique Weapon Shop.
* * * LOW HITPOINT WARNING * * *
You feel sick.
You feel your anger nearly subside.
You are no longer berserk.
You are exhausted.
You feel as though you will be slow longer.
* * * LOW HITPOINT WARNING * * *
You feel sick.
Okay, then.
It was a potion of brilliance.
You feel clever all of a sudden.
You die...

*,* *,* *,* *,* *,*
#.# *,* *,* #.#
*,*** *,****#.#**
*,,,* *,,,,,...,*
***,* ******#.#,#
*,* #.#.# ###,*
#########.#.#*
..,,*
#.......@..#,*
#****
#.#######.#.#**** #
#.# #.#*#,,,* # #.#
#.....∩.# # #.#
#####...# # #.#
**,## #########.#
*** *,* ..........#
*,* *,*
.##########********
*,*


There were no monsters in sight!

Vanquished Creatures
  A hornet (D:7)
  2 orc warriors (Bailey)
  2 phantoms (D:4)
  An ogre (D:5)
  A bullfrog (D:6)
  4 scorpions
  3 howler monkeys
  A jelly (D:5)
  A crimson imp (D:7)
  A hound (D:4)
  2 centaur skeletons
  4 orc priests
  A bullfrog skeleton (D:7)
  9 orc wizards
  Ijyb (D:3)
  4 worker ants
  A killer bee zombie (D:7)
  Robin (D:3)
  3 gnolls (D:6)
  9 adders
  4 shadow imps
  2 oozes
  An adder skeleton (D:6)
  2 worms
  A dart slug (D:2)
  32 orcs
  6 giant cockroaches
  7 hobgoblins
  3 jackals (D:3)
  4 quokkas
  3 ball pythons
  5 bats
  5 frilled lizards
  A giant cockroach zombie (D:6)
  21 goblins
  8 kobolds
  7 rats
164 creatures vanquished.

Notes
Turn   | Place    | Note
-------+----------+-------------------------------------------
     0 | D:1      | nikopol the Minotaur Berserker began the quest for the Orb.
     0 | D:1      | Reached XP level 1. HP: 19/19 MP: 0/0
   235 | D:1      | Reached skill level 4 in Polearms
   461 | D:1      | Reached XP level 2. HP: 23/27 MP: 1/1
   936 | D:2      | Reached XP level 3. HP: 33/33 MP: 2/2
  1031 | D:2      | Reached ** piety under Trog
  1061 | D:2      | Reached skill level 5 in Polearms
  1433 | D:3      | Reached XP level 4. HP: 40/40 MP: 3/3
  1448 | D:3      | Noticed Robin
  1471 | D:3      | Killed Robin
  1729 | D:3      | Reached XP level 5. HP: 41/47 MP: 4/4
  1913 | D:3      | Found a faded altar of an unknown god.
  1956 | D:3      | Found a radiant altar of Vehumet.
  1956 | D:3      | Found a glowing golden altar of the Shining One.
  1957 | D:3      | Found a glowing silver altar of Zin.
  2003 | D:3      | Reached *** piety under Trog
  2003 | D:3      | Reached skill level 6 in Polearms
  2024 | D:3      | Noticed Ijyb
  2035 | D:3      | Killed Ijyb
  2190 | D:4      | Noticed a phantom
  2208 | D:4      | Killed a phantom
  2208 | D:4      | Reached XP level 6. HP: 39/53 MP: 5/5
  2321 | D:4      | Reached skill level 7 in Polearms
  2345 | D:4      | Found a staircase to the Ecumenical Temple.
  2583 | D:4      | Found a runed translucent gate.
  2583 | D:4      | Found a runed translucent gate.
  2583 | D:4      | Found a runed translucent gate.
  2665 | D:4      | Reached skill level 5 in Fighting
  2859 | D:4      | Noticed Gearfox's ghost (amateur HuFi)
  2915 | D:5      | Entered Level 5 of the Dungeon
  2936 | D:5      | Reached XP level 7. HP: 48/61 MP: 6/6
  3017 | D:5      | Reached skill level 8 in Polearms
  3630 | D:6      | Reached skill level 5 in Armour
  3838 | D:6      | Reached skill level 1 in Stealth
  3883 | D:6      | Reached skill level 9 in Polearms
  3888 | D:6      | Reached **** piety under Trog
  3888 | D:6      | Reached XP level 8. HP: 47/70 MP: 7/7
  4051 | D:6      | Found Latwed's Jewellery Emporium.
  4524 | D:7      | Reached skill level 10 in Polearms
  4594 | D:7      | Found a flagged portal.
  4604 | Bailey   | Entered a bailey
  5032 | Bailey   | HP: 3/71 [orc warrior/bolt (14)]
  5813 | D:7      | Noticed a hornet
  5821 | D:7      | Paralysed by a hornet for 2 turns
  5827 | D:7      | Killed a hornet
  5827 | D:7      | Reached skill level 11 in Polearms
  5827 | D:7      | Reached XP level 9. HP: 12/79 MP: 8/8
  5829 | D:7      | Found Beqico's Antique Weapon Shop.
  5831 | D:7      | HP: 3/79 [poisoned by a hornet]
  5832 | D:7      | Succumbed to a hornet's poison

Skill      XL: |  1  2  3  4  5  6  7  8 |
---------------+-------------------------+-----
Polearms       | 4 5 6 7 9 11 | 11.0
Fighting       | 4 5 7 |  7.0
Armour         | 3 4 5 6 |  6.5
Dodging        | 3 |  3.7
Stealth        | 1 |  1.3

Action                   |  1- 3 |  4- 6 |  7- 9 || total
-------------------------+-------+-------+-------++-------
Melee: Spear             |    98 |   151 |   272 ||   521
       Headbutt          |     8 |    18 |    35 ||    61
Invok: Berserk           |       |     1 |     1 ||     2
  Use: Scroll            |       |       |     8 ||     8
       Potion            |       |       |     2 ||     2
  Eat: Chunk             |     1 |     5 |     7 ||    13
       Ration            |       |       |     1 ||     1
Armor: Animal skin       |     2 |       |       ||     2
       Scale mail        |    12 |    34 |    44 ||    90
Dodge: Dodged            |    49 |    43 |    67 ||   159
